 Dungeon Crawl Stone Soup version 0.27.0-1-g7a089689b8 (webtiles) character file.

Game seed: 5800196372972797398

117 sanka the Ducker (level 4, -7/24 HPs)
             Began as a Spriggan Abyssal Knight on Aug 14, 2021.
             Was a Follower of Lugonu.
             Mangled by a gnoll (11 damage)
             ... on level 2 of the Dungeon.
             The game lasted 00:07:05 (5450 turns).

sanka the Ducker (Spriggan Abyssal Knight)          Turns: 5450, Time: 00:07:06

Health: -7/24      AC:  2    Str:  8    XL:     4   Next: 71%
Magic:  7/7        EV: 19    Int: 19    God:    Lugonu [*.....]
Gold:   113        SH:  0    Dex: 15    Spells: 2/5 levels left

rFire    . . .     SeeInvis +   a - +1 short sword
rCold    . . .     Faith    .   (shield restricted)
rNeg     . . .     Spirit   .   h - +0 robe
rPois    .         Reflect  .   (helmet restricted)
rElec    .         Harm     .   (no cloak)
rCorr    .         Rampage  .   (gloves unavailable)
Will     .....                  (boots unavailable)
Stlth    +.........             o - amulet of the acrobat
HPRegen  0.08/turn              (no ring)
MPRegen  0.10/turn              k - +6 ring of intelligence

@: very quick
A: very small, no large weapons, unfitting armour, see invisible, speed 3
a: Renounce Religion, Depart the Abyss


You were on level 2 of the Dungeon.
You worshipped Lugonu.
Lugonu was aware of your devotion.
You visited 1 branch of the dungeon, and saw 3 of its levels.
You visited the Abyss 1 time.

You collected 113 gold pieces.


Innate Abilities, Weirdness & Mutations

You are very small and have problems with some larger weapons.
You are too small for most types of armour.
You have supernaturally acute eyesight. (SInv)
You cover ground extremely quickly. (Speed+++)


   Skills:
 - Level 3.0 Fighting
 - Level 2.1 Short Blades
 - Level 5.6 Dodging
 + Level 1.4 Spellcasting
 + Level 1.4 Hexes
 - Level 1.7 Invocations


You had 2 spell levels left.
You knew the following spells:

 Your Spells              Type           Power      Damage    Failure   Level
Z - Confusing Touch       Hex            6%         N/A       30%         3

Your spell library contained the following spells:

 Spells                   Type           Power      Damage    Failure   Level
 Slow                     Hex            6%         N/A       16%         2
 Shock                    Conj/Air       4%         1d3       19%         1
 Swiftness                Air            1%         N/A       47%         3
 Airstrike                Air            0%         N/A       87%         4
 Yara's Violent Unravell  Hex/Tmut       2%         3d3       98%         5

Inventory:

Hand Weapons
 a - a +1 short sword (weapon)
 b - a +0 hunting sling
Missiles
 c - 8 boomerangs
 i - 14 stones
 j - 20 sling bullets
 m - 19 poisoned darts
Armour
 h - a +0 robe (worn)
Jewellery
 k - a +6 ring of intelligence (right hand)
 o - an amulet of the acrobat (around neck)
Scrolls
 d - 2 scrolls of teleportation {unknown}
 g - a scroll of blinking {unknown}
 l - a scroll of enchant armour {unknown}
 n - a scroll of identify {unknown}
Potions
 e - a potion of berserk rage {unknown}
 f - 2 potions of curing {unknown}

Dungeon Overview and Level Annotations

Branches:
Dungeon (3/15)

Altars:
Hepliaklqana

▒ ▒..▒▒▒▒▒▒▒▒.....▒▒.......▒
▒...............▒▒.▒▒▒.▒.▒ ▒▒
▒▒.▒▒▒▒▒▒▒▒.._......▒▒.▒.▒▒▒.
▒▒▒▒▒▒.......▒▒..................
...........................▒.▒▒▒.
▒▒▒▒▒▒▒▒▒▒▒▒.▒▒.▒▒.▒▒▒.▒▒.▒▒.....
▒.▒▒.▒▒.▒ ▒.▒▒.▒▒▒▒▒▒▒
▒.▒▒.)..▒▒▒.▒▒.▒ ▒....ig.....▒▒.▒
▒▒▒▒▒▒▒.▒▒▒▒▒▒.▒ ▒.▒ ▒.▒ ▒.▒ ▒.▒
▒.▒▒▒▒▒▒.▒ ▒........▒ ▒▒▒▒▒▒▒▒▒▒


You could see a gnoll.


Message History

The gnoll misses you. The gnoll closely misses you.
The gnoll completely misses you. The gnoll completely misses you.
There is a stone staircase leading up here.
The gnoll misses you. The gnoll hits you with a +0 halberd!
You climb upwards.
There is a stone staircase leading down here.
Unknown command.
You hit the gnoll.
The gnoll is lightly wounded.
The gnoll misses you.
You hit the gnoll.
The gnoll is heavily wounded.
The gnoll misses you.
You barely miss the gnoll.
The gnoll is heavily wounded.
The gnoll closely misses you.
You hit the gnoll.
The gnoll is heavily wounded.
The gnoll completely misses you.
You hit the gnoll.
The gnoll is severely wounded.
The gnoll hits you with a +0 halberd!
* * * LOW HITPOINT WARNING * * *
You closely miss the gnoll.
The gnoll is severely wounded.
The gnoll hits you with a +0 halberd!
You die...

Action                   |  1- 3 |  4- 6 || total
-------------------------+-------+-------++-------
Melee: Short sword       |   152 |    77 ||   229
 Fire: Hunting sling     |    17 |    36 ||    53
Invok: Depart the Abyss  |     1 |       ||     1
 Stab: Sleeping          |     3 |       ||     3
Armor: Robe              |    13 |     5 ||    18
Dodge: Dodged            |   144 |   110 ||   254

Levels and vault maps discovered:
D:1:      nicolae_arrival_memento_mori, layout_basic
D:2:      layout_loops_ring, basic_altar
D:3:      layout_loops_cross, dreamdust_ecumenical_altar_drowned_temple,
          uniq_crazy_yiuf_cottage

Notes
Turn   | Place    | Note
-------+----------+-------------------------------------------
     0 | Abyss:1  | sanka the Spriggan Abyssal Knight began the quest for the
                  | Orb.
     0 | Abyss:1  | Reached XP level 1. HP: 11/11 MP: 3/3
    25 | Abyss:1  | Noticed a neqoxec
    31 | D:1      | Escaped the Abyss
   397 | D:1      | Reached * piety under Lugonu
   398 | D:1      | Reached skill level 3 in Fighting
   398 | D:1      | Reached XP level 2. HP: 3/16 MP: 4/4
  1502 | D:2      | Reached skill level 4 in Dodging
  1709 | D:2      | Reached XP level 3. HP: 10/20 MP: 5/5
  2726 | D:2      | Found a hazy altar of Hepliaklqana.
  2938 | D:2      | Reached skill level 5 in Dodging
  3589 | D:2      | Reached XP level 4. HP: 15/24 MP: 6/6
  4843 | D:3      | Learned a level 3 spell: Confusing Touch
  5036 | D:3      | Found a faded altar of an unknown god.
  5107 | D:3      | Reached skill level 1 in Spellcasting
  5107 | D:3      | Reached skill level 1 in Hexes
  5450 | D:2      | Mangled by a gnoll

Vanquished Creatures
  3 gnolls
  3 adders (D:2)
  A dart slug (D:2)
  5 orcs
  6 endoplasms
  A giant cockroach (D:2)
  5 goblins
  4 hobgoblins
  3 jackals (D:1)
  2 kobolds
  A quokka (D:2)
  5 ball pythons
  6 bats
  2 frilled lizards
  5 rats
  A spectral goblin (D:3)
53 creatures vanquished.
